 Seeded DCSS version 0.29-a0-375-g5102b3be25 (webtiles) character file.

Game seed: 13605594255664981076 (custom seed)

1136 thiscave3701365 the Covered (level 8, -1/56 HPs)
             Began as a Minotaur Berserker on May 3, 2022.
             Was a Believer of Trog.
             Slain by an orc wizard
             ... wielding a +0 dagger
              (4 damage)
             ... on level 5 of the Dungeon.
             The game lasted 00:05:40 (8157 turns).

thiscave3701365 the Covered (Minotaur Berserker)    Turns: 8157, Time: 00:05:40

Health: -1/56      AC:  0    Str: 24    XL:     8   Next: 14%
Magic:  7/7        EV: 14    Int:  4    God:    Trog [**....]
Gold:   218        SH:  0    Dex: 10    Spells: 7/7 levels left

rFire   . . .      SeeInvis .   (weapon currently unavailable)
rCold   . . .      Faith    .   (shield currently unavailable)
rNeg    . . .      Spirit   .   (body armour currently unavailable)
rPois   .          Reflect  .   (helmet currently unavailable)
rElec   .          Harm     .   (cloak currently unavailable)
rCorr   .          Rampage  .   (gloves currently unavailable)
Will    .....                   (boots currently unavailable)
Stlth   +.........              (no amulet)
HPRegen 0.18/turn               (ring currently unavailable)
MPRegen 0.10/turn               (ring currently unavailable)

@: pig-form, on berserk cooldown, very quick
A: fast, no casting, small, (horns 2), (retaliatory headbutt), (beak), frail 2
a: Renounce Religion, Berserk, Trog's Hand


You were on level 5 of the Dungeon.
You worshipped Trog.
Trog was pleased with you.
You were a filthy swine.
You visited 1 branch of the dungeon, and saw 5 of its levels.

You collected 218 gold pieces.

Inventory:

Hand Weapons
 a - a +0 hand axe (melded)
Armour
 p - a +1 chain mail of poison resistance (melded)
Jewellery
 q - a ring of protection from cold
Wands
 t - a wand of charming (10)
 u - a wand of digging (3)
Scrolls
 h - a scroll of fog
 j - a scroll of vulnerability
 m - a scroll of poison
Potions
 c - a potion of brilliance
 f - 2 potions of haste
 k - a potion of magic
 l - a potion of flight
 n - a potion of might
 o - a potion of ambrosia
 r - a potion of heal wounds {unknown}
 s - a potion of mutation


   Skills:
 + Level 6.2 Fighting
 + Level 7.6 Axes
 + Level 7.7 Armour
 + Level 3.1 Dodging
 + Level 0.8 Stealth


You had 7 spell levels left.
You didn't know any spells.
Your spell library was empty.

Dungeon Overview and Level Annotations

Branches:
Dungeon (5/15)             Temple (0/1) D:4

Altars:
Ashenzari
Cheibriados
Gozag
Makhleb
Nemelex Xobeh
Okawaru
Uskayaw


Innate Abilities, Weirdness & Mutations

You are a filthy swine.
You move quickly.
Your equipment is almost entirely melded.
You are incapable of wielding weapons or throwing items.
You cannot cast spells.
((You have a pair of horns on your head.))
((You reflexively headbutt those who attack you in melee.))
((You have a beak for a mouth.))
You are very frail. (-20% HP)


Message History

You closely miss the orc wizard.
The orc wizard is moderately wounded.
The orc closely misses you.
The orc wizard hits you with a +0 dagger.
The orc closely misses you.
You hit the orc wizard.
The orc wizard is heavily wounded.
The orc wizard hits you with a +0 dagger.
The orc barely misses you. The orc misses you.
You barely miss the orc wizard.
The orc wizard is heavily wounded.
The orc wizard barely misses you. The orc barely misses you.
The orc hits you with a +0 short sword.
* * * LOW HITPOINT WARNING * * *
The orc barely misses you.
The orc wizard hits you with a +0 dagger.
* * * LOW HITPOINT WARNING * * *
The orc hits you with a +0 hand axe.
* * * LOW HITPOINT WARNING * * *
Okay, then.
Okay, then.
You hit the orc wizard but do no damage.
The orc wizard is moderately wounded.
The orc barely misses you.
The orc wizard hits you with a +0 dagger.
* * * LOW HITPOINT WARNING * * *
The orc misses you.
You barely miss the orc wizard.
The orc wizard is moderately wounded.
The orc wizard hits you with a +0 dagger.
* * * LOW HITPOINT WARNING * * *
The orc hits you with a +0 hand axe.
* * * LOW HITPOINT WARNING * * *
The orc closely misses you.
It was a potion of mutation.
You feel extremely strange.
Your mouth lengthens and hardens into a beak!
You feel frail. x2
You feel yourself speed up.
The orc wizard hits you with a +0 dagger.
You die...

##############
#............#
#............###
#.....>.........
#............# +
##............######
.
#.........†.........
.
#.#########..o......
.
##..≈≈≈≈≈..#ho......
#.≈.....≈.#.o......
#.≈.≈≈≈.≈.#........
#.≈≈...≈≈.#........
#.≈≈._.≈≈.#........
#.≈≈...≈≈.#........
#.≈.≈≈≈.≈.#........
#.≈.....≈.#........
##..≈≈≈≈≈..#


You could see an orc wizard and 2 orcs.

Vanquished Creatures
  An ice beast (D:5)
  A black bear (D:5)
  2 ogres
  2 phantoms (D:5)
  2 necrophages (D:5)
  A hound (D:5)
  2 orc priests
  A gnoll shaman (D:5)
  An iguana (D:3)
  3 orc wizards
  12 gnolls
  6 adders
  An ufetubus (D:4)
  A worm (D:5)
  23 orcs
  4 endoplasms
  3 giant cockroaches
  8 goblins
  4 hobgoblins
  3 jackals (D:1)
  A quokka (D:4)
  10 ball pythons
  A bat (D:3)
  3 frilled lizards
  5 kobolds
  7 rats
108 creatures vanquished.

Notes
Turn   | Place    | Note
-------+----------+-------------------------------------------
     0 | D:1      | thiscave3701365 the Minotaur Berserker began the quest for
                  | the Orb.
     0 | D:1      | Reached XP level 1. HP: 19/19 MP: 0/0
   283 | D:1      | Found a faded altar of an unknown god.
   359 | D:1      | Reached XP level 2. HP: 27/27 MP: 1/1
   829 | D:2      | Reached ** piety under Trog
  1002 | D:2      | Reached XP level 3. HP: 33/33 MP: 2/2
  1098 | D:2      | Reached XP level 4. HP: 41/41 MP: 3/3
  2210 | D:3      | Found a burning altar of Makhleb.
  2210 | D:3      | Found a hide-covered altar of Uskayaw.
  2544 | D:3      | Reached skill level 5 in Fighting
  2544 | D:3      | Reached XP level 5. HP: 48/48 MP: 4/4
  2547 | D:3      | Reached skill level 5 in Axes
  3812 | D:4      | Noticed an ogre
  3817 | D:4      | Killed an ogre
  3818 | D:4      | Reached XP level 6. HP: 38/56 MP: 5/5
  4259 | D:4      | Found an opulent altar of Gozag.
  4259 | D:4      | Found a sparkling altar of Nemelex Xobeh.
  4308 | D:4      | Found a staircase to the Ecumenical Temple.
  4496 | D:4      | Found an iron altar of Okawaru.
  4549 | D:4      | Reached skill level 5 in Armour
  4852 | D:4      | Found a snail-covered altar of Cheibriados.
  5168 | D:4      | HP: 1/56 [gnoll/+0 spear (6)]
  6233 | D:5      | Entered Level 5 of the Dungeon
  6319 | D:5      | Reached XP level 7. HP: 33/61 MP: 6/6
  8023 | D:5      | Reached XP level 8. HP: 67/70 MP: 7/7
  8060 | D:5      | Found a broken altar of Ashenzari.
  8156 | D:5      | HP: 3/70 [orc/+0 hand axe (5)]
  8157 | D:5      | Gained mutation: You have a beak for a mouth. [potion of
                  | mutation]
  8157 | D:5      | Gained mutation: You are frail. (-10% HP) [potion of
                  | mutation]
  8157 | D:5      | Gained mutation: You are very frail. (-20% HP) [potion of
                  | mutation]
  8157 | D:5      | Slain by an orc wizard

Illustrated notes

Levels and vault maps discovered:
D:1:      wander_arrival_lonely_grave, layout_basic,
          ebering_ecumenical_altar_rust
D:2:      layout_basic, minmay_misc_feat_tower, grunt_decor_mini_mirrors
D:3:      layout_basic, mainiacjoe_overflow_divided_tiny
D:4:      layout_loops_ring, grunt_temple_overflow_opulence,
          general_overflow_altar, mainiacjoe_overflow_24_doors, temple_doors_ab
D:5:      layout_basic, mainiacjoe_overflow_paths

Skill      XL: |  1  2  3  4  5  6  7 |
---------------+----------------------+-----
Axes           | 4 6 7 |  7.6
Fighting       | 4 5 6 |  6.2
Armour         | 4 5 7 |  7.7
Dodging        | 3 |  3.1
Stealth        | |  0.8

Action                   |  1- 3 |  4- 6 |  7- 9 || total
-------------------------+-------+-------+-------++-------
Melee: Hand axe          |    50 |   119 |    55 ||   224
       Headbutt          |     6 |    17 |     9 ||    32
       Punch             |     1 |     1 |     1 ||     3
       Unarmed           |       |       |    10 ||    10
Invok: Berserk           |     1 |     9 |     8 ||    18
  Use: Scroll            |       |    13 |       ||    13
       Potion            |       |       |     1 ||     1
Armor: Animal skin       |     8 |       |       ||     8
       Scale mail        |     7 |     5 |       ||    12
       Chain mail        |       |    66 |    23 ||    89
Dodge: Dodged            |    26 |    63 |    35 ||   124

Table legend: (Time is in decaauts)
 A = Elapsed time spent in this place.
 B = Non-inter-level travel time spent in this place.
 C = Inter-level travel time spent in this place.
 D = Time resting spent in this place.
 E = Time spent auto-exploring this place.
 F = Levels seen in this place.
 G = Mean time per level.
                   A        B        C        D        E       F      G
               +--------+--------+--------+--------+--------+-----+--------+
         Total |   8317 |   8053 |    264 |   4014 |   3410 |   5 | 1663.4 |
       Dungeon |   8317 |   8053 |    264 |   4014 |   3410 |   5 | 1663.4 |
               +--------+--------+--------+--------+--------+-----+--------+

Top non-repeatable levels by time:
     D:4: 2656 daAuts
     D:3: 2251 daAuts
     D:5: 1513 daAuts
     D:2: 1133 daAuts
     D:1: 762 daAuts
